 Dungeon Crawl Stone Soup version 0.29.1-12-g30fa7ad0bf (webtiles) character file.

Game seed: 9342095021700546380

44 MisterFreud the Ducker (level 3, 0/17 HPs)
             Began as a Felid Berserker on Dec 28, 2022.
             Was a Believer of Trog.
             Slain by a worm (11 damage)
             ... on level 2 of the Dungeon.
             The game lasted 00:01:20 (1959 turns).

MisterFreud the Ducker (Felid Berserker)            Turns: 1959, Time: 00:01:21

Health: 0/17       AC:  1    Str: 13    XL:     3   Next: 39%
Magic:  4/4        EV: 18    Int:  8    God:    Trog [**....]
Gold:   49         SH:  0    Dex: 17    Spells: 2/2 levels left
                                        Lives:  0   Deaths: 0

rFire   . . .      SeeInvis +     - Unarmed
rCold   . . .      Faith    .   (shield unavailable)
rNeg    . . .      Spirit   .   (body armour unavailable)
rPois   .          Reflect  .   (helmet unavailable)
rElec   .          Harm     .   (cloak unavailable)
rCorr   .          Rampage  .   (gloves unavailable)
Will    .....                   (boots unavailable)
Stlth   +++.......              (no amulet)
HPRegen 0.05/turn               (no ring)
MPRegen 0.09/turn               (no ring)

@: quick
A: very small, claws 1, fangs 3, see invisible, speed 1, shaggy fur 1, stealthy
paws, no weapons or thrown items, no armour, multi-lived
a: Renounce Religion, Berserk, Trog's Hand


You were on level 2 of the Dungeon.
You worshipped Trog.
Trog was pleased with you.
You visited 1 branch of the dungeon, and saw 3 of its levels.

You collected 49 gold pieces.

Inventory:

Scrolls
 c - a scroll of identify
Potions
 a - a potion of ambrosia {unknown}
 b - a potion of curing
 d - a potion of magic {unknown}
 e - a potion of haste
 f - a potion of attraction
 g - 2 potions of mutation {unknown}
 h - 2 potions of heal wounds {unknown}


   Skills:
 - Level 3.0 Fighting
 - Level 4.0 Dodging
 * Level 3.7 Stealth
 + Level 3.5 Unarmed Combat


You had 2 spell levels left.
You didn't know any spells.
Your spell library was empty.

Dungeon Overview and Level Annotations

Branches:
Dungeon (3/15)

Altars:
Uskayaw

Shops:
D:2 *


Innate Abilities, Weirdness & Mutations

You have sharp claws.
You have razor-sharp teeth.
You have supernaturally acute eyesight. (SInv)
You cover ground quickly. (Speed+)
You are covered in fur. (AC +1)
Your paws help you pounce on unaware monsters.
You are incapable of wielding weapons or throwing items.
You cannot wear armour.
You gain extra lives every three experience levels.


Message History

A ball python is nearby!
A ball python is nearby!
A frilled lizard comes into view.
The ball python barely misses you. The ball python closely misses you.
You barely miss the ball python.
The frilled lizard hisses angrily.
You bite the ball python.
You kill the ball python!
Trog accepts your kill.
A frilled lizard is nearby!
A frilled lizard is nearby!
You barely miss the frilled lizard.
A frilled lizard is nearby!
You barely miss the frilled lizard. You bite the frilled lizard.
You kill the frilled lizard!
Trog accepts your kill.
g - 2 black potions (gained 1)
Found a book of Spatial Translocations.
No target in view!
A quokka comes into view.
A worm and a goblin come into view.
There are monsters nearby!
A frilled lizard comes into view.
You see here a book of Spatial Translocations.
There are monsters nearby!
The quokka barely misses you.
You closely miss the quokka. The quokka bites you.
There are monsters nearby!
You scratch the quokka.
The quokka is heavily wounded.
The goblin shouts!
The quokka bites you.
There are monsters nearby!
The frilled lizard hisses angrily.
You scratch the quokka.
You kill the quokka!
Trog accepts your kill.
Found 14 gold pieces.
The worm bites you!
Ouch! That really hurt!
You die...

.##...#####....#.. .
...............## .
................# #
................#
.##############:##+#####
.# #.............. .#
#.............. .#
#.............. .#
#....†.@....... .#
#...g.l.w...... .#
#.............. .#
#.............. .#
#.............. .#
#.............. .#
#.............. .#
#....$......... .#


You could see a worm, a goblin and a frilled lizard.

Vanquished Creatures
  A worm (D:2)
  2 dart slugs (D:1)
  An orc (D:2)
  2 bats (D:1)
  3 giant cockroaches (D:1)
  7 goblins
  A quokka (D:2)
  2 ball pythons
  2 frilled lizards
  6 kobolds
  9 rats
36 creatures vanquished.

Notes
Turn   | Place    | Note
-------+----------+-------------------------------------------
     0 | D:1      | MisterFreud the Felid Berserker began the quest for the
                  | Orb.
     0 | D:1      | Reached XP level 1. HP: 10/10 MP: 2/2
    21 | D:1      | Reached skill level 1 in Stealth
   504 | D:1      | Reached XP level 2. HP: 14/14 MP: 3/3
  1334 | D:2      | Found a faded altar of an unknown god.
  1339 | D:2      | Found Wotimutt's Assorted Antiques.
  1380 | D:2      | Reached XP level 3. HP: 17/17 MP: 4/4
  1381 | D:2      | Found a hide-covered altar of Uskayaw.
  1427 | D:2      | Reached ** piety under Trog
  1959 | D:2      | Slain by a worm

Illustrated notes

Levels and vault maps discovered:
D:1:      amcnicky_arrival_double_pillar, layout_basic
D:2:      layout_basic, chequers_ecumenical_altar_simple_redux, basic_altar,
          serial_shops, nicolae_shop_crystal, minmay_small_reverse_x
D:3:      layout_loops_cross, serial_shops, nicolae_shop_behind_doors,
          kennysheep_minor_cross, dilly_guarded_unrand_morg

Skill      XL: |  1  2 |
---------------+-------+-----
Stealth        | 2 3 |  3.7
Fighting       | |  3.0
Dodging        | |  4.0
Unarmed Combat | |  3.5

Action                   || total
-------------------------++-------
Melee: Unarmed           ||    79
       Bite              ||    10
       Punch             ||     5
  Use: Scroll            ||     5
 Stab: Sleeping          ||     8
Armor: Skin              ||     2
Dodge: Dodged            ||    63
